 Dungeon Crawl Stone Soup version 0.30-a0-540-g0af01429fa (webtiles) character file.

Game seed: 7699610741405272615

2760 purpskrrrp the Conjurer (level 9, 0/57 HPs)
             Began as a Demonspawn Conjurer on Dec 25, 2022.
             Was an Initiate of Gozag.
             Killed by divine providence
             ... invoked by an orc priest
              (16 damage)
             ... on level 7 of the Dungeon.
             The game lasted 00:22:47 (9660 turns).

purpskrrrp the Conjurer (Demonspawn Conjurer)       Turns: 9660, Time: 00:22:48

Health: 0/57       AC:  6    Str: 11    XL:     9   Next: 41%
Magic:  15/27      EV: 18    Int: 32    God:    Gozag
Gold:   35         SH:  0    Dex: 12    Spells: 13/20 levels left

rFire   . . .      SeeInvis .    i - +9 whip (venom)
rCold   . . .      Faith    .    (no shield)
rNeg    + . .      Spirit   .    r - +2 robe
rPois   .          Reflect  .    D - +0 helmet
rElec   .          Harm     .    d - scarf {repulsion}
rCorr   .          Rampage  .    g - +0 pair of gloves
Will    .....                    (no boots)
Stlth   ++                       (no amulet)
HPRegen 0.29/turn                b - +4 ring of evasion
MPRegen 0.20/turn                E - ring "Lupn" {Drain rN+ MP+9 Int+5 Dex+3}

@: repel missiles
A: powered by death 1, demonic magic 2, demonic touch 1, clever 1, strong 1
a: Renounce Religion, Potion Petition, Call Merchant, Bribe Branch


You were on level 7 of the Dungeon.
You worshipped Gozag.
Gozag was noncommittal.
You visited 2 branches of the dungeon, and saw 8 of its levels.
You also visited: Sewer.

You collected 1311 gold pieces.
You spent 628 gold pieces at shops.
You paid 648 gold pieces to Gozag.

Inventory:

Hand Weapons
 i - a +9 whip of venom (weapon)
 p - the +6 dagger "Huammat" {antimagic, Int+3}
   (You found it on level 5 of the Dungeon)

   It reduces the magical energy of the wielder, and disrupts the spells and
   magical abilities of those it strikes.
   Natural abilities and divine invocations are not affected.
   Int:       It affects your intelligence (+3).
 q - a +1 whip of flaming
Armour
 a - a +0 robe
 d - a scarf of repulsion (worn)
 g - a +0 pair of gloves (worn)
 n - a scarf of resistance
 r - a +2 robe (worn)
 D - a +0 helmet (worn)
Jewellery
 b - a +4 ring of evasion (left hand)
 f - a ring of flight
 h - a ring of poison resistance
 k - a ring of see invisible
 v - a ring of ice
 E - the ring "Lupn" (right hand) {Drain rN+ MP+9 Int+5 Dex+3}
   (You bought it in a shop on level 5 of the Dungeon)

   [ring of positive energy]

   Int:       It affects your intelligence (+5).
   Dex:       It affects your dexterity (+3).
   rN:        It protects you from negative energy.
   MP:        It affects your magic capacity (+9).
   Drain:     It drains your maximum health when unequipped.
Wands
 G - a wand of quicksilver (2)
Scrolls
 l - a scroll of teleportation
 m - 2 scrolls of poison
 o - a scroll of blinking
 x - 2 scrolls of butterflies
 y - a scroll of fog
Potions
 c - 2 potions of brilliance
 e - 6 potions of degeneration
 j - 5 potions of curing
 s - 3 potions of resistance {unknown}
 t - a potion of ambrosia {unknown}
 w - 2 potions of heal wounds {unknown}
 z - a potion of haste {unknown}
 A - 5 potions of mutation
 B - a potion of berserk rage {unknown}
 C - 2 potions of attraction {unknown}
 H - a potion of lignification {unknown}


   Skills:
 + Level 2.3 Maces & Flails
 + Level 6.0 Dodging
 - Level 2.1 Stealth
 - Level 4.8 Unarmed Combat
 + Level 6.0 Spellcasting
 + Level 7.5 Conjurations
 + Level 2.6 Hexes


You had 13 spell levels left.
You knew the following spells:

 Your Spells              Type           Power      Damage    Failure   Level
a - Magic Dart            Conj           100%       1d8       1%          1
b - Searing Ray           Conj           100%       2d8       1%          2
c - Fulminant Prism       Conj/Hex       21%        3d12      5%          4

Your spell library contained the following spells:

 Spells                   Type           Power      Damage    Failure   Level
 Shock                    Conj/Air       100%       1d9       1%          1
 Dazzling Flash           Conj/Hex       84%        N/A       1%          3
 Iskenderun's Mystic Bla  Conj/Tloc      33%        2d8       10%         4
 Gell's Gravitas          Tloc           9%         N/A       14%         3
 Swiftness                Air            9%         N/A       14%         3
 Teleport Other           Tloc           9%         N/A       14%         3
 Airstrike                Air            4%         2d(1-17)  41%         4
 Dispersal                Tloc           4%         N/A       100%        6


Dungeon Overview and Level Annotations

Branches:
Dungeon (7/15)             Temple (1/1) D:4           Sewer (visited)

Altars:
Ashenzari
Cheibriados
Dithmenos
Fedhas
Gozag
Makhleb
Nemelex Xobeh
Okawaru
Qazlal
Ru
Trog
Vehumet
Wu Jian
Xom
Yredelemnul

Shops:
D:2 :   D:5 =   D:6 *


Innate Abilities, Weirdness & Mutations

You regenerate a little health from kills.
Spells you cast may paralyse nearby enemies.
Your touch may inflict minor irresistible damage on your foes.
Your mind is acute. (Int +4, Str/Dex -1)
Your muscles are strong. (Str +4, Int/Dex -1)


Message History

* * * LOW HITPOINT WARNING * * *
You are too injured to fight recklessly!
Casting: Magic Dart (safe; 1% risk of failure)
Confirm with . or Enter, or press ? or * to list all spells.
Aiming: Magic Dart (safe; 1% risk of failure)
Press: ? - help, Shift-Dir - straight line, f/p - orc warrior
Aim: an orc warrior, wielding a +0 flail, wearing a +0 plate armour and quivering boomerangs (heavily wounded, 100% to hit)
The magic dart hits the orc warrior.
The orc warrior is heavily wounded.
Malevolent energies surge around you.
Casting: Magic Dart (safe; 1% risk of failure)
Confirm with . or Enter, or press ? or * to list all spells.
Aiming: Magic Dart (safe; 1% risk of failure)
Press: ? - help, Shift-Dir - straight line, f/p - orc warrior
Aim: an orc warrior, wielding a +0 flail, wearing a +0 plate armour and quivering boomerangs (heavily wounded, 100% to hit)
The magic dart hits the orc warrior but does no damage.
The orc warrior is heavily wounded.
Malevolent energies surge around you.
The orc warrior suddenly stops moving!
Casting: Magic Dart (safe; 1% risk of failure)
Confirm with . or Enter, or press ? or * to list all spells.
Aiming: Searing Ray (safe; 1% risk of failure)
Press: ? - help, Shift-Dir - straight line, f/p - orc warrior
Aim: an orc warrior, wielding a +0 flail, wearing a +0 plate armour and quivering boomerangs (heavily wounded, paralysed, 100% to hit)
The searing ray hits the orc warrior.
The orc warrior is severely wounded. (Press . to maintain the ray.) Malevolent energies surge around you.
The searing ray hits the orc warrior but does no damage.
The orc warrior is severely wounded.
The searing ray hits the orc warrior.
The orc warrior is almost dead.
The orc warrior is no longer paralysed.
An orc priest comes into view. It is wielding a +0 whip.
The searing ray hits the orc warrior.
The orc warrior is almost dead.
You finish channelling your searing ray.
The orc priest calls down the wrath of Beogh upon you.
Beogh smites you!
You die...
Your body crumbles into a pile of gold.

,,*.≈,##..## ###..........#
~,*.≈.#....###............#
~,*.≈.#...!##.............#
,~,#.≈..............).....#
_~,#.≈...o..........###...#
~~,#.≈..$..........##..###*
,,,#.≈...........##...#*
***#.≈..........##..##*
,,,..S........##@.###
~~~≈≈≈.........o.##
,,,..........$.###
***#..........##
###........# ###.....##
##.##.# *** #.*###
**,****#.**


You could see an orc warrior and an orc priest.

Vanquished Creatures
  Pikel (D:3)
  3 water moccasins
  An ice beast (D:5)
  A black bear (D:4)
  A phantom (D:3)
  6 bullfrogs
  A gnoll sergeant (D:5)
  2 necrophages
  A scorpion (D:5)
  2 killer bees (D:7)
  3 orc priests
  A hound (D:5)
  3 jellies
  7 iguanas
  9 orc wizards
  Robin (D:4)
  8 gnolls
  10 adders
  5 river rats (Sewer)
  A white imp (D:5)
  An ufetubus (D:5)
  A worm (D:3)
  4 dart slugs
  14 orcs
  5 bats
  7 endoplasms
  11 giant cockroaches
  20 goblins
  12 hobgoblins
  16 jackals
  3 quokkas
  18 ball pythons
  10 frilled lizards
  4 kobolds
  27 rats
220 creatures vanquished.

Vanquished Creatures (others)
  An orc (D:3)
1 creature vanquished.

Grand Total: 221 creatures vanquished

Notes
Turn   | Place    | Note
-------+----------+-------------------------------------------
     0 | D:1      | purpskrrrp the Demonspawn Conjurer began the quest for the
                  | Orb.
     0 | D:1      | Reached XP level 1. HP: 13/13 MP: 3/3
    99 | D:1      | Gained mutation: Your touch may inflict minor irresistible
                  | damage on your foes. [demonic ancestry]
    99 | D:1      | Reached XP level 2. HP: 6/19 MP: 0/5
   433 | D:1      | Reached XP level 3. HP: 24/24 MP: 4/6
  1095 | D:2      | Found Ekkian's Book Shoppe.
  1217 | D:2      | Reached skill level 1 in Unarmed Combat
  1735 | D:2      | Reached XP level 4. HP: 30/30 MP: 5/7
  1975 | D:3      | Noticed a phantom
  1988 | D:3      | Killed a phantom
  1989 | D:3      | Gained mutation: Spells you cast may paralyse adjacent
                  | enemies. [demonic ancestry]
  1989 | D:3      | Reached XP level 5. HP: 16/35 MP: 3/9
  2756 | D:3      | Found an opulent altar of Gozag.
  2767 | D:3      | Became a worshipper of Gozag Ym Sagoz the Greedy
  2894 | D:4      | Noticed a black bear
  3215 | D:4      | Noticed Pikel
  3215 | D:4      | Noticed a lemure
  3215 | D:4      | Noticed a lemure
  3216 | D:4      | Noticed a lemure
  3216 | D:4      | Noticed a lemure
  3229 | D:3      | Killed Pikel
  3230 | D:3      | Reached skill level 5 in Conjurations
  3230 | D:3      | Gained mutation: Spells you cast may paralyse nearby
                  | enemies. [demonic ancestry]
  3230 | D:3      | Reached XP level 6. HP: 25/41 MP: 3/12
  3230 | D:3      | Reached XP level 7. HP: 29/46 MP: 3/13
  3330 | D:4      | Found a staircase to the Ecumenical Temple.
  3453 | D:4      | Learned a level 2 spell: Searing Ray
  3458 | D:4      | Learned a level 4 spell: Fulminant Prism
  3778 | D:4      | Reached skill level 6 in Conjurations
  4143 | D:4      | Noticed Robin
  4158 | D:4      | Killed Robin
  4421 | D:4      | Gained mutation: Your mind is acute. (Int +4, Str/Dex -1)
                  | [potion of mutation]
  4421 | D:4      | Gained mutation: Your muscles are strong. (Str +4, Int/Dex
                  | -1) [potion of mutation]
  4423 | D:5      | Entered Level 5 of the Dungeon
  4460 | D:5      | Identified the +6 dagger "Huammat" {antimagic, Int+3}
  4540 | D:5      | Gained mutation: You regenerate a little health from kills.
                  | [demonic ancestry]
  4540 | D:5      | Reached XP level 8. HP: 52/52 MP: 8/14
  4863 | D:5      | Found a glowing drain.
  4879 | Sewer    | Entered a sewer
  5000 | Sewer    | Reached skill level 5 in Spellcasting
  5394 | Sewer    | Reached skill level 5 in Dodging
  6153 | D:5      | Found a bloodstained altar of Trog.
  6764 | Temple   | Entered the Ecumenical Temple
  6998 | D:6      | Reached skill level 7 in Conjurations
  7264 | D:6      | Reached skill level 1 in Maces & Flails
  7264 | D:6      | Reached skill level 1 in Hexes
  7358 | D:6      | Reached XP level 9. HP: 56/57 MP: 14/17
  7839 | D:6      | Found Abyng's Serpentskin Sales.
  8501 | D:6      | Noticed a green death
  8503 | D:6      | Found a burning altar of Makhleb.
  8772 | D:6      | Noticed an angel
  9413 | D:5      | Bought the ring "Lupn" {Drain rN+ MP+9 Int+5 Dex+3} for 628
                  | gold pieces
  9660 | D:7      | Killed from afar by an orc priest

Illustrated notes

Levels and vault maps discovered:
D:1:      mushboom_english_gardens, layout_rooms
D:2:      layout_basic, serial_shops, nicolae_shop_hallway_plus, chequers_garden
D:3:      layout_loops_cross, lemuel_round_altar
D:4:      kennysheep_goblin_castle, layout_cave_pools,
          minmay_temple_entry_slanted, uniq_pikel
D:5:      layout_cave_pods, mainiacjoe_overflow_small_starburst,
          gup_sewer_entry_pipe, hex_large
D:6:      layout_layer_cave, grunt_temple_overflow_order_and_chaos_2,
          mainiacjoe_overflow_24_doors, chequers_serial_rivers_marsh,
          minmay_misc_feat_five, guppyfry_shop_venom
D:7:      layout_cave_pods, nicolae_overflow_squiral, enter_bailey_3,
          minmay_ruined_shrine
Temple:   nicolae_temple_bog_church

Skill      XL: |  1  2  3  4  5  6  7  8  9 |
---------------+----------------------------+-----
Dodging        | 2 4 5 6 |  6.0
Stealth        | 2 |  2.1
Unarmed Combat | 1 3 4 |  4.8
Spellcasting   | 3 4 5 6 |  6.0
Conjurations   | 5 6 7 |  7.5
Maces & Flails | 1 2 |  2.3
Hexes          | 1 2 |  2.6

Action                   |  1- 3 |  4- 6 |  7- 9 || total
-------------------------+-------+-------+-------++-------
Melee: Unarmed           |    14 |       |       ||    14
       Whip              |    11 |    23 |   161 ||   195
       Touch             |     2 |     5 |    11 ||    18
       Punch             |       |     1 |     4 ||     5
 Cast: Magic Dart        |    75 |    55 |   289 ||   419
       Searing Ray       |       |       |    10 ||    10
Invok: Call Merchant     |       |       |     1 ||     1
  Use: Potion            |     1 |       |     2 ||     3
       Scroll            |     8 |       |    17 ||    25
 Stab: Paralysed         |       |     4 |     2 ||     6
Armor: Robe              |     5 |    11 |    28 ||    44
Dodge: Dodged            |    23 |    15 |   183 ||   221
       Repelled          |       |     1 |       ||     1

Table legend: (Time is in decaauts)
 A = Elapsed time spent in this place.
 B = Non-inter-level travel time spent in this place.
 C = Inter-level travel time spent in this place.
 D = Time resting spent in this place.
 E = Time spent auto-exploring this place.
 F = Levels seen in this place.
 G = Mean time per level.
                   A        B        C        D        E       F      G
               +--------+--------+--------+--------+--------+-----+--------+
         Total |   9778 |   9136 |    642 |   1231 |   6351 |   9 | 1086.4 |
       Dungeon |   8435 |   7809 |    626 |    997 |   5534 |   7 | 1205.0 |
        Temple |    191 |    175 |     16 |      0 |    164 |   1 |  191.0 |
         Sewer |   1150 |   1150 |      0 |    234 |    653 |   1 | 1150.0 |
               +--------+--------+--------+--------+--------+-----+--------+

Top non-repeatable levels by time:
     D:6: 2297 daAuts
     D:3: 1336 daAuts
     D:4: 1303 daAuts
     D:5: 1260 daAuts
   Sewer: 1150 daAuts
     D:1: 1029 daAuts
     D:2: 907 daAuts
     D:7: 300 daAuts
  Temple: 191 daAuts
